BSA
BEECH MOUNTAIN MOUNTAINEERS @ SEATTLE PIKES
07/31/2028
 
TOP OF THE 1ST
Beech Mountain Mountaineers batting - Pitching for Seattle Pikes : LHP Albert Lebel
Pitching: LHP Albert Lebel
Batting: SHB Félix Montoya 0-0: Swinging Strike
0-1: Ball
1-1: Called Strike
1-2: Foul Ball, location: 2F
1-2: Strikes out swinging
Batting: SHB Miguel González 0-0: Fly out, F4 (Line Drive, 4)
Batting: LHB Robert Phillips 0-0: Called Strike
0-1: Called Strike
0-2: Foul Ball, location: 2F
0-2: Foul Ball, location: 2F
0-2: Ball
1-2: Ball
2-2: Strikes out looking
Top of the 1st over - 0 run(s), 0 hit(s), 0 error(s), 0 left on base; Beech Mountain 0 - Seattle 0
BOTTOM OF THE 1ST
Seattle Pikes batting - Pitching for Beech Mountain Mountaineers : LHP Simon Martel
Pitching: LHP Simon Martel
Batting: RHB Pete Rideout 0-0: SOLO HOME RUN (Flyball, 78XD), Distance : 448 ft
Batting: RHB Iván Gonzáles 0-0: Swinging Strike
0-1: Foul Ball, location: 2F
0-2: Strikes out swinging
Batting: RHB Wallace Greene 0-0: Ground out 6-3 (Groundball, 6)
Batting: RHB Manuel Rico 0-0: Called Strike
0-1: Ball
1-1: Foul Ball, location: 2F
1-2: SINGLE (Line Drive, 7S)
Batting: RHB Randy Sheppard 0-0: Ball
Manuel Rico is caught stealing 2nd base
Bottom of the 1st over - 1 run(s), 2 hit(s), 0 error(s), 0 left on base; Beech Mountain 0 - Seattle 1
TOP OF THE 2ND
Beech Mountain Mountaineers batting - Pitching for Seattle Pikes : LHP Albert Lebel
Batting: SHB Juan Castro 0-0: Called Strike
0-1: Foul Ball, location: 2F
0-2: Strikes out looking
Batting: SHB Tony López 0-0: Called Strike
0-1: Foul Ball, location: 2F
0-2: Ball
1-2: Strikes out swinging
Batting: RHB John Anderson 0-0: Reached on error, E4 (Flyball, 34D)
Batting: SHB Rick Turner 0-0: Called Strike
0-1: Foul Ball, location: 2F
0-2: Hit by Pitch
John Anderson to second
Batting: LHB Pedro Gonzáles 0-0: Called Strike
0-1: Ground out 1-3 (Groundball, P)
Top of the 2nd over - 0 run(s), 0 hit(s), 1 error(s), 2 left on base; Beech Mountain 0 - Seattle 1
BOTTOM OF THE 2ND
Seattle Pikes batting - Pitching for Beech Mountain Mountaineers : LHP Simon Martel
Batting: RHB Randy Sheppard 0-0: Foul Ball, location: 2F
0-1: Ball
1-1: Ground out 6-3 (Groundball, 6MD)
Batting: LHB Roberto Lozano 0-0: Swinging Strike
0-1: Foul Ball, location: 2F
0-2: Fly out, F8 (Line Drive, 78M)
Batting: SHB António Hernández 0-0: Ball
1-0: Foul Ball, location: 2F
1-1: Ball
2-1: Foul Ball, location: 2F
2-2: Ground out 6-3 (Groundball, 56)
Bottom of the 2nd over - 0 run(s), 0 hit(s), 0 error(s), 0 left on base; Beech Mountain 0 - Seattle 1
TOP OF THE 3RD
Beech Mountain Mountaineers batting - Pitching for Seattle Pikes : LHP Albert Lebel
Batting: RHB Jesús Cruz 0-0: Ball
1-0: Swinging Strike
1-1: Called Strike
1-2: SINGLE (Groundball, 34D)
Batting: SHB Félix Montoya 0-0: Swinging Strike
0-1: Ball
1-1: Ball
2-1: Fly out, F8 (Flyball, 8LM)
Batting: SHB Miguel González 0-0: Ball
1-0: Grounds into double play, 4-6-3 (Groundball, 4)
Top of the 3rd over - 0 run(s), 1 hit(s), 0 error(s), 0 left on base; Beech Mountain 0 - Seattle 1
BOTTOM OF THE 3RD
Seattle Pikes batting - Pitching for Beech Mountain Mountaineers : LHP Simon Martel
Batting: RHB Arnold Harmon 0-0: Ball
1-0: Called Strike
1-1: Called Strike
1-2: Strikes out swinging
Batting: SHB Richard Bowman 0-0: Swinging Strike
0-1: Called Strike
0-2: Ball
1-2: Ball
2-2: Foul Ball, location: 2F
2-2: Foul Ball, location: 2F
2-2: Ball
3-2: Base on Balls
Batting: RHB Pete Rideout 0-0: Ball
1-0: Swinging Strike
1-1: Ball
2-1: Ball
3-1: Base on Balls
Richard Bowman to second
Batting: RHB Iván Gonzáles 0-0: Fly out, F8 (Flyball, 8RS)
Batting: RHB Wallace Greene 0-0: Fly out, F8 (Flyball, 8LXD)
Bottom of the 3rd over - 0 run(s), 0 hit(s), 0 error(s), 2 left on base; Beech Mountain 0 - Seattle 1
TOP OF THE 4TH
Beech Mountain Mountaineers batting - Pitching for Seattle Pikes : LHP Albert Lebel
Batting: LHB Robert Phillips 0-0: Foul Ball, location: 2F
0-1: Called Strike
0-2: Fly out, F7 (Flyball, 78M)
Batting: SHB Juan Castro 0-0: Ball
1-0: Fly out, F8 (Line Drive, 89M)
Batting: SHB Tony López 0-0: SINGLE (Line Drive, 8RS)
Batting: RHB John Anderson 0-0: Ball
1-0: Called Strike
1-1: Swinging Strike
1-2: Fielders Choice at 2nd, 5-4 (Groundball, 56)
Top of the 4th over - 0 run(s), 1 hit(s), 0 error(s), 0 left on base; Beech Mountain 0 - Seattle 1
BOTTOM OF THE 4TH
Seattle Pikes batting - Pitching for Beech Mountain Mountaineers : LHP Simon Martel
Batting: RHB Manuel Rico 0-0: Ball
1-0: SINGLE (Flyball, 89S)
Batting: RHB Randy Sheppard 0-0: Ball
1-0: Ball
2-0: Fly out, F5 (Line Drive, 5)
Batting: LHB Roberto Lozano 0-0: Ball
1-0: Ball
2-0: Called Strike
2-1: Reached on error, E5 (Groundball, 56)
Manuel Rico to second
Batting: SHB António Hernández 0-0: Called Strike
0-1: Grounds into double play, 6-4-3 (Groundball, 6)
Bottom of the 4th over - 0 run(s), 1 hit(s), 1 error(s), 1 left on base; Beech Mountain 0 - Seattle 1
TOP OF THE 5TH
Beech Mountain Mountaineers batting - Pitching for Seattle Pikes : LHP Albert Lebel
Batting: SHB Rick Turner 0-0: Swinging Strike
0-1: Swinging Strike
0-2: Strikes out swinging
Batting: LHB Pedro Gonzáles 0-0: Foul Ball, location: 2F
0-1: Foul Ball, location: 2F
0-2: Foul Ball, location: 2F
0-2: Ground out 4-3 (Groundball, 4)
Batting: RHB Jesús Cruz 0-0: Called Strike
0-1: Swinging Strike
0-2: Ball
1-2: Foul Ball, location: 2F
1-2: Foul Ball, location: 2F
1-2: Strikes out swinging
Top of the 5th over - 0 run(s), 0 hit(s), 0 error(s), 0 left on base; Beech Mountain 0 - Seattle 1
BOTTOM OF THE 5TH
Seattle Pikes batting - Pitching for Beech Mountain Mountaineers : LHP Simon Martel
Batting: RHB Arnold Harmon 0-0: Foul Ball, location: 2F
0-1: Ball
1-1: Bunt missed!
1-2: Strikes out swinging
Batting: SHB Richard Bowman 0-0: Called Strike
0-1: Swinging Strike
0-2: Ball
1-2: SINGLE (Groundball, 6MD)
Batting: RHB Pete Rideout 0-0: Called Strike
0-1: Foul Ball, location: 2F
0-2: Ball
1-2: Foul Ball, location: 2F
1-2: Ball
2-2: SINGLE (Groundball, 56D)
Richard Bowman to second
Batting: RHB Iván Gonzáles 0-0: Ball
1-0: Ball
2-0: Called Strike
2-1: DOUBLE (Line Drive, 78D)
Richard Bowman scores
Pete Rideout to third
Batting: RHB Wallace Greene 0-0: Ball
1-0: Called Strike
1-1: Ground out 4-3 (Groundball, 4)
Batting: RHB Manuel Rico 0-0: Ball
1-0: Swinging Strike
1-1: 3-RUN HOME RUN (Flyball, 78XD), Distance : 451 ft
Batting: RHB Randy Sheppard 0-0: Called Strike
0-1: Ball
1-1: Fly out, F8 (Flyball, 8LXD)
Bottom of the 5th over - 4 run(s), 4 hit(s), 0 error(s), 0 left on base; Beech Mountain 0 - Seattle 5
TOP OF THE 6TH
Beech Mountain Mountaineers batting - Pitching for Seattle Pikes : LHP Albert Lebel
Batting: SHB Félix Montoya 0-0: Foul Ball, location: 2F
0-1: Swinging Strike
0-2: Ball
1-2: Foul Ball, location: 2F
1-2: Strikes out swinging
Batting: SHB Miguel González 0-0: Called Strike
0-1: Ball
1-1: Foul Ball, location: 2F
1-2: Foul Ball, location: 2F
1-2: SINGLE (Groundball, 6MD)
Batting: LHB Robert Phillips 0-0: Grounds into double play, 4-6-3 (Groundball, 4)
Top of the 6th over - 0 run(s), 1 hit(s), 0 error(s), 0 left on base; Beech Mountain 0 - Seattle 5
BOTTOM OF THE 6TH
Seattle Pikes batting - Pitching for Beech Mountain Mountaineers : LHP Simon Martel
Pitching: RHP Troy Parker
Batting: LHB Roberto Lozano 0-0: Foul Ball, location: 2F
0-1: Ball
1-1: Called Strike
1-2: Strikes out swinging
Batting: SHB António Hernández 0-0: Ball
1-0: Ball
2-0: Ball
3-0: Called Strike
3-1: Called Strike
3-2: Foul Ball, location: 2F
3-2: Fly out, F6 (Popup, 6MD)
Batting: RHB Arnold Harmon 0-0: Ground out 4-3 (Groundball, 4M)
Bottom of the 6th over - 0 run(s), 0 hit(s), 0 error(s), 0 left on base; Beech Mountain 0 - Seattle 5
TOP OF THE 7TH
Beech Mountain Mountaineers batting - Pitching for Seattle Pikes : LHP Albert Lebel
Batting: SHB Juan Castro 0-0: Called Strike
0-1: Called Strike
0-2: Foul Ball, location: 2F
0-2: Ball
1-2: Ball
2-2: Ball
3-2: Strikes out looking
Batting: SHB Tony López 0-0: Ground out 6-3 (Groundball, 6)
Batting: RHB John Anderson 0-0: Ball
1-0: Ground out 4-3 (Groundball, 4)
Top of the 7th over - 0 run(s), 0 hit(s), 0 error(s), 0 left on base; Beech Mountain 0 - Seattle 5
BOTTOM OF THE 7TH
Seattle Pikes batting - Pitching for Beech Mountain Mountaineers : RHP Troy Parker
Batting: SHB Richard Bowman 0-0: Called Strike
0-1: Foul Ball, location: 2F
0-2: SINGLE (Groundball, 56D)
Batting: RHB Pete Rideout 0-0: Swinging Strike
0-1: Ball
1-1: Ball
2-1: Ball
3-1: SINGLE (Line Drive, 6MD)
Richard Bowman to second
Batting: RHB Iván Gonzáles 0-0: Bunted foul
0-1: Sac Bunt - play at first, batter OUT! 2-4
Richard Bowman to third
Pete Rideout to second
Batting: RHB Wallace Greene 0-0: Ball
1-0: Swinging Strike
1-1: Swinging Strike
1-2: Ball
2-2: Strikes out swinging
Batting: RHB Manuel Rico 0-0: Fly out, F7 (Flyball, 7LS)
Bottom of the 7th over - 0 run(s), 2 hit(s), 0 error(s), 2 left on base; Beech Mountain 0 - Seattle 5
TOP OF THE 8TH
Beech Mountain Mountaineers batting - Pitching for Seattle Pikes : LHP Albert Lebel
Batting: SHB Rick Turner 0-0: Ball
1-0: Foul Ball, location: 2F
1-1: Fly out, F3 (Popup, 3L)
Batting: LHB Pedro Gonzáles 0-0: Called Strike
0-1: Ground out U3 (Groundball, 34S)
Batting: RHB Jesús Cruz 0-0: Ball
1-0: Ball
2-0: Called Strike
2-1: Swinging Strike
2-2: Strikes out looking
Top of the 8th over - 0 run(s), 0 hit(s), 0 error(s), 0 left on base; Beech Mountain 0 - Seattle 5
BOTTOM OF THE 8TH
Seattle Pikes batting - Pitching for Beech Mountain Mountaineers : RHP Troy Parker
Batting: RHB Randy Sheppard 0-0: Fly out, F8 (Flyball, 8RS)
Batting: LHB Roberto Lozano 0-0: Foul Ball, location: 2F
0-1: Ball
1-1: SINGLE (Groundball, 6S) (infield hit)
Pitching: RHP Mang Tow
Batting: SHB António Hernández 0-0: Called Strike
Roberto Lozano steals 2nd base
0-1: Foul Ball, location: 2F
0-2: DOUBLE (Line Drive, 8RXD)
Roberto Lozano scores
Batting: RHB Arnold Harmon 0-0: Called Strike
António Hernández is caught stealing 3rd base
0-1: Ground out 5-3 (Groundball, 5L)
Bottom of the 8th over - 1 run(s), 2 hit(s), 0 error(s), 0 left on base; Beech Mountain 0 - Seattle 6
TOP OF THE 9TH
Beech Mountain Mountaineers batting - Pitching for Seattle Pikes : LHP Albert Lebel
Now at 1B: Orlando Núńes
Batting: SHB Félix Montoya 0-0: Foul Ball, location: 2F
0-1: Ball
1-1: Swinging Strike
1-2: Strikes out swinging
Pitching: RHP Orlando Ojeda
Batting: SHB Miguel González 0-0: Called Strike
0-1: Called Strike
0-2: Strikes out swinging
Batting: LHB Robert Phillips 0-0: Swinging Strike
0-1: Foul Ball, location: 2F
0-2: Strikes out swinging
Top of the 9th over - 0 run(s), 0 hit(s), 0 error(s), 0 left on base; Beech Mountain 0 - Seattle 6
Tuesday, August 8th, 2017 - OOTP Baseball 17.12 Build 75